Map: Neon Violet Square LE

Players

Neeb - Winner!

  • Race: Protoss Protoss
  • Spawn Location: 5:00

Scarlett

  • Race: Zerg Zerg
  • Spawn Location: 11:00

Event: 2018 Hangzhou StarCraft Carnival

VOD

Have the link to the VOD?

Description

Time

  • Played on: April 29, 2018, 2:05 a.m.
  • Length: 7:35

All games in this series

Show
View Real Time Build Order
Export as new Build Order

Neeb Protoss - Winner!

Build Orders: 1 Gate Expand 

Get SALT Encoding   

  12  0:00  Probe  
  13  0:13  Probe  
  14  0:19  Pylon  
  14  0:25  Probe  
  15  0:34  Assimilator, Probe  
  16  0:44  Gateway, Probe  
  17  0:53  Probe  
  18  1:05  Probe  
  19  1:18  Probe  
  20  1:25  Nexus  
  20  1:35  Cybernetics Core  
  20  1:38  Probe  
  21  1:44  Assimilator  
  21  1:50  Probe  
  21  1:53  Pylon  
  22  2:02  Adept, Probe  
  22  2:03  Warp Gate  
  23  2:14  Probe  
  26  2:25  Probe  
  26  2:28  Stalker  
  27  2:33  Probe x2  
  30  2:41  Probe x2  
  31  2:51  Probe  
  33  2:53  Probe  
  35  2:59  Adept  
  35  3:03  Probe  
  35  3:05  Probe  
  39  3:12  Gateway  
  39  3:15  Probe  
  39  3:18  Gateway  
  40  3:20  Probe  
  40  3:26  Adept  
  43  3:27  Probe  
  43  3:29  Pylon  
  43  3:32  Probe  
  45  3:38  Pylon  
  45  3:39  Probe  
  46  3:47  Probe  
  47  3:51  Assimilator, Probe  
  47  3:55  Assimilator  
  48  3:59  Stargate, Probe  
  48  4:01  Stargate  
  49  4:03  Probe  
  49  4:06  Adept  
  49  4:07  Adept  
  54  4:11  Probe  
  54  4:12  Adept  
  54  4:15  Probe  
  58  4:18  Protoss Air Weapons Level 1  
  58  4:23  Pylon, Probe  
  59  4:28  Probe  
  60  4:31  Pylon  
  60  4:39  Nexus  
  60  4:42  Pylon  
  60  4:47  Phoenix x2  
  56  4:57  Probe x2  
  56  4:59  Sentry  
  56  5:00  Sentry  
  56  5:04  Robotics Facility  
  56  5:05  Phoenix  
  58  5:07  Phoenix  
  60  5:16  Probe  
  60  5:18  Probe  
  64  5:23  Phoenix  
  64  5:28  Phoenix, Probe  
  65  5:30  Probe  
  70  5:36  Assimilator  
  70  5:40  Phoenix, Probe  
  70  5:41  Assimilator  
  70  5:42  Probe  
  72  5:48  Immortal  
  74  5:52  Probe  
  74  5:54  Probe  
  80  5:57  Probe  
  80  6:00  Phoenix  
  83  6:04  Probe  
  83  6:07  Pylon  
  83  6:10  Pylon  
  86  6:24  Stalker x3  
  90  6:26  Immortal  
  90  6:27  Phoenix  
  90  6:29  Shield Battery, Phoenix  
  98  6:42  Shield Battery  
  98  6:43  Pylon  
  98  6:48  Sentry x3  
  98  6:52  Immortal  
  102  7:03  Probe  
  102  7:04  Probe  
  102  7:05  Probe  
  109  7:13  Gateway  
  109  7:15  Probe  
  110  7:16  Gateway, Probe  
  110  7:17  Probe  
  110  7:18  Forge  
  110  7:19  Zealot  
  110  7:21  Twilight Council  
  114  7:27  Zealot x2  
Show
View Real Time Build Order
Export as new Build Order

Scarlett Zerg 

Build Orders: Hatch First 

Get SALT Encoding   

  12  0:00  Drone  
  13  0:12  Overlord  
  13  0:18  Drone  
  14  0:30  Drone x2  
  14  0:34  Drone  
  17  0:52  Hatchery  
  17  0:55  Drone  
  17  1:00  Drone  
  18  1:09  Extractor  
  17  1:14  Spawning Pool  
  17  1:16  Drone  
  17  1:20  Drone  
  18  1:29  Drone  
  19  1:39  Drone  
  20  1:51  Overlord  
  20  2:00  Queen  
  22  2:03  Queen  
  22  2:04  Zergling x2  
  22  2:05  Drone  
  26  2:13  Drone, Metabolic Boost  
  26  2:14  Drone  
  28  2:23  Drone  
  28  2:26  Drone  
  30  2:32  Drone  
  31  2:37  Hatchery  
  31  2:40  Drone  
  31  2:46  Overlord  
  31  2:48  Zergling x2  
  32  2:54  Drone  
  32  2:58  Drone  
  35  3:05  Drone  
  35  3:09  Drone x4, Queen  
  35  3:12  Drone  
  42  3:13  Drone  
  42  3:17  Overlord  
  43  3:24  Drone  
  44  3:29  Overlord  
  44  3:33  Lair, Extractor  
  43  3:34  Drone  
  43  3:37  Drone  
  43  3:38  Overlord  
  43  3:40  Drone  
  46  3:42  Drone  
  47  3:48  Roach Warren  
  47  3:49  Drone  
  47  3:51  Drone  
  47  3:52  Drone  
  47  3:54  Drone  
  47  3:55  Drone  
  51  4:00  Queen  
  53  4:05  Overlord  
  53  4:06  Drone  
  54  4:11  Zergling x2  
  54  4:12  Zergling x4  
  57  4:21  Drone x3  
  60  4:28  Roach  
  60  4:29  Roach x4  
  70  4:32  Overseer  
  70  4:36  Roach x2  
  73  4:40  Roach  
  73  4:43  Roach x2, Zergling x2  
  75  4:53  Drone x6  
  79  5:01  Drone  
  79  5:02  Glial Reconstitution  
  80  5:09  Drone  
  80  5:10  Drone  
  80  5:11  Overlord  
  80  5:12  Overlord x3  
  82  5:18  Extractor  
  82  5:20  Evolution Chamber  
  80  5:22  Hatchery  
  79  5:29  Overlord  
  79  5:30  Drone x6  
  79  5:32  Drone x2  
  88  5:36  Overlord  
  88  5:38  Drone  
  88  5:39  Drone x3  
  88  5:42  Overlord  
  92  5:47  Roach  
  92  5:48  Roach  
  96  5:52  Roach  
  96  5:53  Roach  
  96  5:54  Spore Crawler  
  96  5:55  Roach  
  101  5:59  Roach x3  
  101  6:01  Roach  
  101  6:02  Roach  
  101  6:03  Roach  
  113  6:09  Roach  
  113  6:10  Roach  
  117  6:13  Queen  
  117  6:18  Roach x3  
  125  6:23  Roach  
  125  6:25  Roach  
  122  6:26  Roach x4  
  122  6:32  Overlord x3  
  125  6:43  Roach, Zergling x2  
  125  6:44  Zergling x2  
  119  6:56  Drone x3  
  119  6:57  Drone x6  
  119  7:00  Drone x4  
  126  7:02  Drone  
  126  7:06  Evolution Chamber, Hydralisk Den  
  119  7:09  Drone  
  119  7:13  Drone x3  
  121  7:20  Spore Crawler  
  120  7:25  Spore Crawler  
Tags
 
Add a new tag
Caveats
  • Supply blocks, unpowered buildings, or Contaminate may cause inaccurate times.
  • Supply counts are checked every 10 seconds.